 Dungeon Crawl Stone Soup version 0.30-a0-354-g6b83867211 (webtiles) character file.

Game seed: 567024366906430294

200 runemasterragnar the Ruffian (level 5, -4/44 HPs)
             Began as a Draconian Transmuter on Nov 8, 2022.
             Killed from afar by a white imp (7 damage)
             ... with a puff of frost
             ... summoned by Natasha
             ... on level 3 of the Dungeon.
             The game lasted 00:02:23 (2030 turns).

runemasterragnar the Ruffian (Draconian Transmuter) Turns: 2030, Time: 00:02:23

Health: -4/44      AC:  5    Str: 14 (15) XL:     5   Next: 48%
Magic:  7/9        EV: 12    Int: 16 (19) God:
Gold:   97         SH:  0    Dex:  8 (11) Spells: 6/9 levels left

rFire   . . .      SeeInvis .      - Unarmed
rCold   . . .      Faith    .    (no shield)
rNeg    . . .      Spirit   .    (body armour unavailable)
rPois   .          Reflect  .    (helmet restricted)
rElec   .          Harm     .    (no cloak)
rCorr   .          Rampage  .    (no gloves)
Will    .....                    (no boots)
Stlth   +.........               i - amulet of the acrobat
HPRegen 0.27/turn                g - +6 ring of intelligence
MPRegen 0.11/turn                (no ring)

@: no status effects
A: AC +5, unfitting armour, cold-blooded
a: no special abilities


You were on level 3 of the Dungeon.
You visited 1 branch of the dungeon, and saw 3 of its levels.

You collected 97 gold pieces.

Inventory:

Armour
 e - a +0 pair of boots
Jewellery
 g - a +6 ring of intelligence (left hand)
 i - an amulet of the acrobat (around neck)
Wands
 h - a wand of flame (21)
Scrolls
 b - 2 scrolls of magic mapping {unknown}
 d - a scroll of noise {unknown}
 f - 3 scrolls of identify {unknown}
Potions
 a - a potion of lignification


   Skills:
 + Level 2.8 Fighting
 + Level 2.7 Dodging
 + Level 3.8 Unarmed Combat
 + Level 2.9 Spellcasting
 + Level 3.1 Transmutations


You had 6 spell levels left.
You knew the following spells:

 Your Spells              Type           Power      Damage    Failure   Level
a - Beastly Appendage     Tmut           24%        N/A       5%          1
b - Wereblood             Tmut           12%        N/A       8%          2

Your spell library contained the following spells:

 Spells                   Type           Power      Damage    Failure   Level
 Spider Form              Tmut/Pois      7%         N/A       30%         3
 Ice Form                 Ice/Tmut       7%         N/A       69%         4


Dungeon Overview and Level Annotations

Branches:
Dungeon (3/15)

Altars:

Annotations:
D:3 Natasha


Innate Abilities, Weirdness & Mutations

Your plain brown scales are hard. (AC +5)
You cannot fit into any form of body armour.
You are cold-blooded and may be slowed by cold attacks.


Message History

You feel yourself slow down. Natasha misses you. Natasha completely misses you.
Things that are here:
a +0 mace; a +0 dagger; a +0 leather armour You barely miss Natasha.
Your kick misses Natasha. The orc barely misses you.
Natasha closely misses you.
You closely miss Natasha. You claw Natasha, but do no damage.
Your headbutt misses Natasha.
You tail-slap Natasha, but do no damage.
The orc hits you from afar with a +0 trident.
Natasha claws you.
You hit Natasha. You claw Natasha.
Natasha is heavily wounded.
The orc hits you from afar with a +0 trident.
* * * LOW HITPOINT WARNING * * *
Natasha mumbles some strange words.
An orc comes into view. It is wielding a +0 dagger.
The orc hits you from afar with a +0 trident.
* * * LOW HITPOINT WARNING * * *
Natasha claws you.
* * * LOW HITPOINT WARNING * * *
It was a potion of invisibility.
You fade into invisibility!
The orc barely misses you. Natasha claws you but does no damage.
The white imp closely misses you.
It was a potion of degeneration.
There was something very wrong with that liquid.
You feel weakened.
You feel dopey.
You feel clumsy. The orc misses you. Natasha closely misses you.
The white imp barely misses you. The orc barely misses you.
Natasha claws you but does no damage. The white imp misses you.
It was a potion of cancellation.
Your magical effects are unravelling.
You feel magically purged.
Your horns disappear.
Your talons disappear.
You feel yourself speed up.
You flicker back into view.
Your primal bloodlust has ended.
The orc barely misses you. Natasha barely misses you.
The white imp gestures at you. The puff of frost hits you!
You die... ... #.# ..# #.# #oo

#o# #h# #@#
#5####
#)..<####..#
#..........#
#.##.#####.#
...##.#
######.# #.#
#..


You could see Natasha, a white imp (summoned) and 3 orcs.

Vanquished Creatures
  An orc priest (D:3)
  Natasha (twice) (D:3)
  6 adders
  A worm (D:2)
  2 dart slugs
  6 orcs (D:3)
  2 ball pythons
  6 endoplasms
  A giant cockroach (D:1)
  7 hobgoblins
  2 quokkas
  4 bats
  7 goblins
  6 kobolds
  3 rats
56 creatures vanquished.

Notes
Turn   | Place    | Note
-------+----------+-------------------------------------------
     0 | D:1      | runemasterragnar the Draconian Transmuter began the quest
                  | for the Orb.
     0 | D:1      | Reached XP level 1. HP: 16/16 MP: 3/3
   225 | D:1      | Reached XP level 2. HP: 23/23 MP: 3/5
   878 | D:2      | You fall into a shaft and drop 1 floor!
   924 | D:3      | Learned a level 2 spell: Wereblood
  1000 | D:3      | Reached XP level 3. HP: 23/29 MP: 4/6
  1044 | D:3      | Noticed Natasha
  1052 | D:3      | Killed Natasha
  1090 | D:3      | Noticed Natasha
  1097 | D:3      | Reached XP level 4. HP: 32/36 MP: 5/7
  1103 | D:3      | Killed Natasha
  1639 | D:2      | Reached XP level 5. HP: 42/42 MP: 7/9
  2015 | D:3      | Noticed Natasha
  2027 | D:3      | HP: 2/44 [Natasha (6)]
  2030 | D:3      | Killed from afar by a white imp

Illustrated notes

Levels and vault maps discovered:
D:1:      minmay_arrival_checkered_box, layout_loops_corners
D:2:      layout_basic, st_stairs_7, roderic_roman_lattice
D:3:      kennysheep_six_static_rooms, layout_loops_ring, minmay_between,
          uniq_natasha

Skill      XL: |  1  2  3  4  5 |
---------------+----------------+-----
Dodging        | 2 |  2.7
Fighting       | 2 |  2.8
Transmutations | 3 |  3.1
Unarmed Combat | |  3.8
Spellcasting   | |  2.9

Action                   |  1- 3 |  4- 6 || total
-------------------------+-------+-------++-------
Melee: Unarmed           |    75 |    74 ||   149
       Kick              |    22 |    16 ||    38
       Headbutt          |     7 |    11 ||    18
       Tailslap          |     4 |     6 ||    10
       Punch             |     1 |     2 ||     3
 Cast: Beastly Appendage |    20 |    15 ||    35
       Wereblood         |       |     2 ||     2
  Use: Potion            |       |     3 ||     3
 Stab: Sleeping          |     1 |       ||     1
Armor: Skin              |    13 |    18 ||    31
Dodge: Dodged            |    49 |    50 ||    99

Table legend: (Time is in decaauts)
 A = Elapsed time spent in this place.
 B = Non-inter-level travel time spent in this place.
 C = Inter-level travel time spent in this place.
 D = Time resting spent in this place.
 E = Time spent auto-exploring this place.
 F = Levels seen in this place.
 G = Mean time per level.
                   A        B        C        D        E       F      G
               +--------+--------+--------+--------+--------+-----+--------+
         Total |   2022 |   1968 |     54 |     42 |   1562 |   3 |  674.0 |
       Dungeon |   2022 |   1968 |     54 |     42 |   1562 |   3 |  674.0 |
               +--------+--------+--------+--------+--------+-----+--------+

Top non-repeatable levels by time:
     D:2: 883 daAuts
     D:1: 872 daAuts
     D:3: 266 daAuts
